 Dungeon Crawl Stone Soup version 0.19-a0-406-ge21436e (webtiles) character file.

91 Arkorax the Skirmisher (level 4, 0/44 HPs)
             Began as a Hill Orc Wanderer on May 31, 2016.
             Was a Follower of Uskayaw.
             Succumbed to an adder's poison
             ... on level 2 of the Dungeon.
             The game lasted 00:04:26 (2257 turns).

Arkorax the Skirmisher (Hill Orc Wanderer)          Turns: 2257, Time: 00:04:27

Health: 0/44       AC: 10    Str: 13 (16) XL:     4   Next: 57%
Magic:  5/5        EV:  7    Int: 14 (17) God:    Uskayaw [*.....]
Gold:   109        SH:  0    Dex:  6 (9)  Spells: 0 memorised, 3 levels left

rFire  . . .     SeeInvis .     a - +2 hand axe
rCold  . . .     Gourm    .     k - +0 chain mail
rNeg   . . .     Faith    .     (no shield)
rPois  .         Spirit   .     q - +1 helmet
rElec  .         Dismiss  .     (no cloak)
rCorr  .         Reflect  .     (no gloves)
SustAt .         Harm     .     (no boots)
MR     .....                    (no amulet)
Stlth  ..........               w - ring of flight
                                t - +2 ring of evasion

@: brilliant, lethally poisoned (0 -> -2), not resistant to hostile
enchantments, extremely unstealthy
A: no striking features
a: Stomp, Renounce Religion, Evoke Flight


You were on level 2 of the Dungeon.
You worshipped Uskayaw.
Uskayaw was aware of your devotion.
You were not hungry.

You visited 1 branch of the dungeon, and saw 3 of its levels.

You collected 109 gold pieces.

Inventory:

Hand Weapons
 a - a +2 hand axe (weapon)
 b - a +0 hand crossbow
Missiles
 c - 50 bolts
Armour
 e - a +0 robe
 h - a +0 ring mail
 k - a +0 chain mail (worn)
 q - a +1 helmet (worn)
Jewellery
 l - an uncursed ring of ice
 t - a +2 ring of evasion (left hand)
 w - a ring of flight (right hand)
Scrolls
 d - 4 scrolls of teleportation
 g - 3 scrolls of fog {unknown}
 m - 2 scrolls of enchant weapon {unknown}
 p - 2 scrolls of identify {unknown}
Potions
 i - a potion of flight
 j - a potion of degeneration
Books
 r - a book of Misfortune

   Spells                             Type                      Level
   a - Confusing Touch                Hexes                        2
   b - Confuse                        Hexes                        3
   c - Gell's Gravitas                Hexes/Translocation          3
   d - Petrify                        Transmutation/Earth          4
   e - Metabolic Englaciation         Hexes/Ice                    5
   f - Yara's Violent Unravelling     Hexes/Transmutation          5
 u - a book of Unlife

   Spells                             Type                      Level
   a - Recall                         Summoning/Translocation      3
   b - Animate Dead                   Necromancy                   4
   c - Control Undead                 Necromancy                   4
   d - Cigotuvi's Embrace             Necromancy                   5
   e - Death Channel                  Necromancy                   6
   f - Simulacrum                     Ice/Necromancy               6
Comestibles
 f - 3 bread rations
 n - a slice of pizza
 o - 2 beef jerkies


   Skills:
 * Level 5.7 Fighting
 * Level 4.5 Axes
   Level 1.0 Bows
 + Level 2.1 Armour
 - Level 2.0 Evocations


You had 3 spell levels left.
You didn't know any spells.

Dungeon Overview and Level Annotations

Branches:
Dungeon (3/15)

Altars:
Dithmenos
Fedhas
Uskayaw

Annotations:
D:3 Grinder


Message History

The adder bites you.
* * * LOW HITPOINT WARNING * * *
You closely miss the adder.
The adder is heavily wounded.
The adder bites you.
* * * LOW HITPOINT WARNING * * *
The adder completely misses you.
You barely miss the adder.
The adder is heavily wounded.
The adder bites you.
* * * LOW HITPOINT WARNING * * *
You are lethally poisoned!
The adder poisons you!
You slash the adder!
You kill the adder!
* * * LOW HITPOINT WARNING * * *
You feel sick.
You see here an adder corpse.
You butcher the adder corpse.
You die...

###### #.#.....#.#...#
.....# #.#####.#.#.###
.[...# #....<#.......#
.....#####################.#
...........S...>##.......#.#
.....#.###.#.##.##.###.#.#.#
.....#.#
#.#.##.##.###.##..##
######.#
#.#....##.##...##..# #.#
#......@.##.....##.# ## #.#
########.#.......#.# .# #.#
#..).._.....# .## #.#
###.......### ..####.#######
##.....## .......#.[..<#
##...## #..###.#.#####
#######.## ##.###.#.#
#.......# ##..##.#.#
#.#####.#


There were no monsters in sight!

Vanquished Creatures
  3 adders (D:2)
  2 worms (D:2)
  A giant gecko (D:2)
  2 giant cockroaches
  8 goblins
  5 hobgoblins
  6 jackals (D:1)
  A ball python (D:1)
  7 bats
  7 giant newts
  8 kobolds
  5 rats
55 creatures vanquished.

Notes
Turn   | Place    | Note
--------------------------------------------------------------
     0 | D:1      | Arkorax the Hill Orc Wanderer began the quest for the Orb.
     0 | D:1      | Arkorax set off with: a +2 hand axe, a +0 hand crossbow, 23 bolts, a scroll of teleportation, a +0 robe, a bread ration
     0 | D:1      | Reached XP level 1. HP: 22/22 MP: 2/2
   164 | D:1      | Reached skill level 5 in Fighting
   169 | D:1      | Reached XP level 2. HP: 5/29 MP: 3/3
  1069 | D:1      | Reached XP level 3. HP: 36/36 MP: 4/4
  1310 | D:2      | Found a hide-covered altar of Uskayaw.
  1325 | D:2      | Became a worshipper of Uskayaw the Reveler
  1332 | D:2      | Reached * piety under Uskayaw
  1386 | D:2      | Found a blossoming altar of Fedhas.
  1393 | D:2      | Reached ** piety under Uskayaw
  1527 | D:2      | Reached XP level 4. HP: 35/42 MP: 5/5
  1772 | D:2      | Found a shadowy altar of Dithmenos.
  2170 | D:3      | Noticed Grinder
  2192 | D:3      | HP: 2/42 [orc/flail (4)]
  2254 | D:2      | HP: 2/42 [adder (4)]
  2257 | D:2      | Succumbed to an adder's poison

Vault maps used:
D:1:      lightli_arrival_maybe_door_vault, hex_intersection,
          kennysheep_minor_cross, serial_bayou_ford_a
D:2:      lemuel_doored_altar, lemuel_coloured_pillars_altar,
          lemuel_round_altar, fountainhead
D:3:      uniq_grinder

Skill      XL: |  1  2  3 |
---------------+----------+-----
Fighting       | 5 |  5.7
Axes           | 3 4 |  4.5
Armour         | 2 |  2.1
Bows           | |  1.0
Evocations     | |  2.0

Action                   |  1- 3 |  4- 6 || total
-------------------------+-------+-------++-------
Melee: Hand axe          |   148 |    53 ||   201
  Use: Potion            |     1 |     4 ||     5
  Eat: Chunk             |     2 |     3 ||     5
Armor: Robe              |    15 |       ||    15
       Skin              |    10 |       ||    10
       Chain mail        |    65 |    25 ||    90
       Ring mail         |    15 |       ||    15
Dodge: Dodged            |    80 |    15 ||    95
